 Dungeon Crawl Stone Soup version 0.25-a0-545-ge4db218afc (webtiles) character file.

Game seed: 11205527847304174905, levelgen mode: deterministic

1784 Eurus the Magician (level 8, -8/63 HPs)
             Began as a Mummy Conjurer on Feb 19, 2020.
             Killed by divine providence
             ... invoked by an orc priest
              (13 damage)
             ... on level 7 of the Dungeon on Feb 21, 2020.
             The game lasted 00:18:13 (8232 turns).

Eurus the Magician (Mummy Conjurer)                 Turns: 8232, Time: 00:18:13

Health: -8/63      AC:  4    Str: 11    XL:     8   Next: 81%
Magic:  14/18      EV: 12    Int: 17    God:
Gold:   394        SH:  0    Dex: 12    Spells: 10/20 levels left

rFire    x x .     SeeInvis .   j - +2 dagger (venom)
rCold    + + .     Gourm    .   (no shield)
rNeg     + + +     Faith    .   a - +0 robe
rPois    ∞         Spirit   .   r - -2 helmet
rElec    .         Reflect  .   l - +0 cloak
rCorr    .         Harm     .   c - +0 pair of gloves
MR       ++...                  b - +0 pair of boots
Stlth    ++........             (no amulet)
HPRegen  0.20/turn              u - ring of protection from magic
MPRegen  0.16/turn              s - ring of ice

@: studying Fighting
A: no food or potions, fire vulnerability, cold resistance 1, negative energy
resistance 3, torment resistance, unbreathing
a: no special abilities


You were on level 7 of the Dungeon.
You were not hungry.

You visited 1 branch of the dungeon, and saw 7 of its levels.
You also visited: Sewer.

You collected 394 gold pieces.

Inventory:

Hand Weapons
 f - a +0 vampiric dagger
 j - a +2 dagger of venom (weapon)
 o - a +3 dagger of electrocution
Armour
 a - a +0 robe (worn)
 b - a +0 pair of boots (worn)
 c - a +0 pair of gloves (worn)
 l - a +0 cloak (worn)
 m - a cursed +0 leather armour
 p - a +1 robe of magic resistance
 q - a cursed +0 scale mail
 r - a -2 helmet (worn)
Jewellery
 s - a ring of ice (right hand)
 u - a ring of protection from magic (left hand)
Wands
 g - a wand of scattershot (4)
 n - a wand of digging (6)
 w - a wand of enslavement (6)
 x - a wand of flame (20)
Scrolls
 d - 2 scrolls of remove curse
 e - a scroll of enchant weapon
 i - 9 scrolls of identify
 k - 2 scrolls of blinking
 t - a scroll of enchant armour {unknown}
Books
 v - a manual of Fighting


   Skills:
 + Level 5.5 Fighting
 + Level 3.3 Armour
 - Level 1.5 Dodging
 - Level 1.5 Stealth
 + Level 6.8 Spellcasting
 + Level 6.1 Conjurations
 + Level 3.3 Translocations


You had 10 spell levels left.
You knew the following spells:

 Your Spells              Type           Power        Failure   Level  Hunger
a - Magic Dart            Conj           ####         1%          1    N/A
b - Searing Ray           Conj           ####..       1%          2    N/A
c - Iskenderun's Mystic   Conj/Tloc      ###.....     17%         4    N/A
d - Gell's Gravitas       Tloc           ###.......   9%          3    N/A

Your spell library contained the following spells:

 Spells                   Type           Power        Failure   Level  Hunger
 Shock                    Conj/Air       ###.         3%          1    N/A
 Dazzling Flash           Conj/Hex       ###...       10%         3    N/A
 Static Discharge         Conj/Air       ###.....     10%         3    N/A
 Swiftness                Chrm/Air       #.......     19%         2    N/A
 Fulminant Prism          Conj/Hex       ###.......   32%         4    N/A
 Confusing Touch          Hex            #.......     34%         3    N/A
 Lightning Bolt           Conj/Air       ###.......   67%         5    N/A
 Airstrike                Air            #.........   75%         4    N/A
 Petrify                  Tmut/Erth      #.......     75%         4    N/A
 Metabolic Englaciation   Hex/Ice        #.........   97%         5    N/A
 Yara's Violent Unravell  Hex/Tmut       #.........   97%         5    N/A

Dungeon Overview and Level Annotations

Branches:
Dungeon (7/15)              Sewer (visited)
 Temple: D:4-7

Altars:
Dithmenos
Nemelex Xobeh
Yredelemnul

Annotations:
D:4 Sigmund
D:6 Maggie


Innate Abilities, Weirdness & Mutations

You do not eat or drink.
Your flesh is vulnerable to fire.
You are immune to poison.
Your flesh is cold resistant. (rC+)
You are immune to negative energy. (rN+++)
You are immune to unholy pain and torment.
You can survive without breathing.


Message History

An orc priest comes into view. It is wielding a +0 short sword.
An orc priest comes into view. It is wielding a +0 dagger.
The searing ray hits the orc warrior.
The orc warrior is moderately wounded.
The orc warrior hits you with a +0 flail!
The searing ray hits the orc warrior!
The orc warrior is severely wounded.
The orc priest shouts!
The orc warrior hits you with a +0 flail!!
As you read the scroll of teleportation, it crumbles to dust.
You feel strangely unstable.
The orc warrior hits you with a +0 flail!!
* * * LOW HITPOINT WARNING * * *
The orc priest calls upon Beogh to heal the orc warrior.
The orc warrior is healed somewhat.
Your surroundings suddenly seem different.
The orc priest looks satisfied for a moment.
The orc priest calls down the wrath of Beogh upon you.
Beogh smites you!
You die...

##............
#.............
##............W...
##...............
###.......####...
##......#....##...
#.................
#..........#......#
##....###@.#..###.##
###<####......#..<#
##........###...........#
#.........###............
#....#.#.................
#.....#.###...............
##......#.#.......#.......
####........o............
#......o.......#......


You could see an orc priest.

Vanquished Creatures
  An ice beast (D:6)
  3 phantoms
  A necrophage (D:5)
  3 ogres
  3 centaurs
  3 bullfrogs
  A water moccasin zombie (D:7)
  2 centaur zombies
  A jelly (D:7)
  A hound (D:4)
  Crazy Yiuf (D:2)
  An orc priest (D:7)
  A bullfrog skeleton (D:5)
  Jessica (D:3)
  An orc wizard (D:6)
  2 worker ants
  A hound skeleton (D:5)
  13 adders
  A river rat (D:5)
  6 oozes (Sewer)
  3 worms
  12 leopard geckos
  6 orcs
  15 giant cockroaches
  7 goblins
  3 hobgoblins
  7 jackals (D:2)
  5 kobolds
  3 quokkas
  17 ball pythons
  2 bats (D:1)
  12 frilled lizards
  A giant cockroach zombie (D:5)
  A leopard gecko skeleton (D:5)
  A quokka zombie (D:7)
  3 rats
145 creatures vanquished.

Notes
Turn   | Place    | Note
-------+----------+-------------------------------------------
     0 | D:1      | Eurus the Mummy Conjurer began the quest for the Orb.
     0 | D:1      | Reached XP level 1. HP: 13/13 MP: 4/4
   329 | D:1      | Upgraded the game from 0.25-a0-528-g6b7c99946c to
                  | 0.25-a0-545-ge4db218afc
   499 | D:1      | Reached XP level 2. HP: 20/20 MP: 2/5
   532 | D:1      | Learned a level 2 spell: Searing Ray
   763 | D:2      | Reached skill level 1 in Fighting
  1182 | D:2      | Reached XP level 3. HP: 25/26 MP: 7/7
  1225 | D:2      | Found a runed translucent door.
  1226 | D:2      | Noticed Crazy Yiuf
  1929 | D:2      | Killed Crazy Yiuf
  1929 | D:2      | Reached XP level 4. HP: 30/33 MP: 2/9
  2005 | D:3      | Noticed an ogre
  2208 | D:3      | Killed an ogre
  2208 | D:3      | Reached XP level 5. HP: 20/38 MP: 9/11
  2534 | D:3      | Noticed Jessica
  2538 | D:3      | Killed Jessica
  2655 | D:3      | Found a sparkling altar of Nemelex Xobeh.
  3245 | D:4      | Reached XP level 6. HP: 40/46 MP: 12/12
  3251 | D:4      | Learned a level 4 spell: Iskenderun's Mystic Blast
  3272 | D:4      | Noticed Sigmund
  3392 | D:4      | Found a basalt altar of Yredelemnul.
  3820 | D:5      | Entered Level 5 of the Dungeon
  4011 | D:5      | Reached skill level 5 in Conjurations
  4028 | D:5      | Found a glowing drain.
  4048 | Sewer    | Entered a sewer
  4401 | Sewer    | Reached skill level 1 in Armour
  4445 | Sewer    | Reached skill level 1 in Translocations
  4764 | Sewer    | Reached skill level 5 in Spellcasting
  4813 | Sewer    | Reached XP level 7. HP: 44/52 MP: 9/14
  4927 | Sewer    | Learned a level 3 spell: Gell's Gravitas
  5894 | D:5      | Reached XP level 8. HP: 53/60 MP: 2/16
  6098 | D:5      | Found a shadowy altar of Dithmenos.
  6636 | D:6      | Noticed Maggie
  7953 | D:7      | Reached skill level 5 in Fighting
  8232 | D:7      | Killed from afar by an orc priest

Levels and vault maps discovered:
D:1:      onia_arrival_mini_maze_b, layout_rooms
D:2:      layout_basic, uniq_crazy_yiuf_cottage
D:3:      layout_loops_ring, nemelex_xobeh_ov_fountains_minmay, first_ration,
          uniq_jessica
D:4:      layout_basic, lemuel_coloured_pillars_altar, uniq_sigmund
D:5:      minmay_angry_zag, layout_loops_ring,
          grunt_dithmenos_smoke_and_mirrors, portal_sewer_entry_a
D:6:      layout_loops_ring, minmay_manual_mares, uniq_maggie
D:7:      layout_cave_pools, minmay_temple_entry_ruins

Skill      XL: |  1  2  3  4  5  6  7  8 |
---------------+-------------------------+-----
Fighting       | 1 2 3 4 5 |  5.5
Spellcasting   | 3 4 5 6 |  6.8
Conjurations   | 4 5 6 |  6.1
Armour         | 1 2 3 |  3.3
Translocations | 1 2 3 |  3.3
Dodging        | |  1.5
Stealth        | |  1.5

Action                   |  1- 3 |  4- 6 |  7- 9 || total
-------------------------+-------+-------+-------++-------
Melee: Unarmed           |     8 |       |       ||     8
       Dagger            |    37 |   168 |    39 ||   244
 Cast: Magic Dart        |    23 |    23 |    25 ||    71
       Searing Ray       |     4 |     9 |    30 ||    43
  Use: Scroll            |       |     4 |     5 ||     9
 Stab: Sleeping          |     1 |     2 |       ||     3
Armor: Robe              |    11 |    36 |    21 ||    68
Dodge: Dodged            |    35 |   117 |    42 ||   194

Table legend:
 A = Non-vault XP
 B = Vault XP
 C = Vault XP percentage of total XP
 D = Non-vault monster count
 E = Vault monster count
 F = Vault count percentage of total count
                 A         B        C        D         E       F
            +---------+---------+-------+---------+---------+-------
      Total |    1791 |     758 |  29.7 |      78 |      67 |  46.2
            +---------+---------+-------+---------+---------+-------
        D:1 |      13 |       0 |   0.0 |       9 |       0 |   0.0
        D:2 |      63 |      40 |  38.8 |      20 |       1 |   4.8
        D:3 |     190 |      37 |  16.3 |      14 |       1 |   6.7
        D:4 |      71 |       0 |   0.0 |       4 |       0 |   0.0
        D:5 |     694 |     105 |  13.1 |      11 |       9 |  45.0
        D:6 |     218 |     223 |  50.6 |       8 |       2 |  20.0
        D:7 |     542 |       0 |   0.0 |      12 |       0 |   0.0
      Sewer |       0 |     353 | 100.0 |       0 |      54 | 100.0
            +---------+---------+-------+---------+---------+-------
